AoeStats
← JorgeLuddSaysNo

Black Forest

508464553Analyzed
3v3 RM · 8d ago on Sep 22, 2026· 56m 41s· 6 players
Game mode
Random Map
Map size
Normal (6 player)
Population
200
Speed
Normal
Resources
Standard
Victory
Conquest
Starting age
Dark Age
Ending age
Imperial Age
RankedLock teamsTeams togetherTeam positionsShared explorationLock speedFull tech treeHidden civsTurbo modeCheats
Victory
Defeat
🇬🇧 Ethiopians · United Kingdom
869
+15
🇬🇧 Spanish · United Kingdom
860
+16
🇬🇧 Khitans · United Kingdom
842
+16
🇦🇹 Turks · Austria
887
-17
🇪🇸 Teutons · Spain
873
-17
🇩🇪 Saxons · Germany
789
-13
JorgeLuddSaysNo
14:40 Feudal Age
15:14 Loom
18:30 Castle Age
16:53 Gold Mining
17:01 Double-Bit Axe
17:57 Stone Mining
21:33 Loom
26:18 Wheelbarrow
27:05 Bow Saw
26:57 Town Watch
28:02 Horse Collar
30:54 Hand Cart
34:25 Fletching
34:46 Forging
34:37 Padded Archer Armor
34:37 Scale Mail Armor
38:21 Bodkin Arrow
40:15 Ballistics
39:51 Murder Holes
39:34 Pikeman
40:14 Squires
40:33 Leather Archer Armor
44:29 Imperial Age
43:52 Iron Casting
43:33 Chain Mail Armor
43:54 Masonry
43:51 Heavy Plow
44:10 Arson
45:10 Thumb Ring
46:17 Chemistry
46:55 Two-Man Saw
46:01 Bracer
48:42 Blast Furnace
48:13 Plate Mail Armor
48:14 Ring Archer Armor
48:11 Conscription
48:33 Hoardings
49:24 Architecture
52:47 Elite Conquistador
GenghisDoug
15:46 Feudal Age
16:20 Double-Bit Axe
16:17 Domestication
21:09 Castle Age
22:26 Bow Saw
22:19 Pastoralism
30:58 Wheelbarrow
30:19 Loom
30:20 Town Watch
34:09 Imperial Age
32:20 Hand Cart
36:11 Thumb Ring
36:05 Fletching
36:15 Padded Archer Armor
36:39 Ballistics
36:07 Elite Skirmisher
37:56 Chemistry
38:05 Chemistry
37:13 Bodkin Arrow
37:44 Leather Archer Armor
39:50 Two-Man Saw
39:00 Bracer
39:32 Ring Archer Armor
39:44 Transhumance
39:10 Town Watch
40:32 Pikeman
41:16 Squires
41:05 Gambesons
41:12 Arson
41:45 Forging
41:37 Scale Mail Armor
43:49 Iron Casting
43:30 Chain Mail Armor
45:59 Plate Mail Armor
Attila the John
7:08 Loom
12:16 Feudal Age
15:59 Castle Age
16:52 Double-Bit Axe
17:09 Scale Mail Armor
17:20 Forging
18:23 Wheelbarrow
18:36 Chain Mail Armor
31:24 Imperial Age
29:56 Gold Mining
29:49 Horse Collar
30:02 Stone Mining
30:23 Bow Saw
32:10 Gold Shaft Mining
31:38 Heavy Plow
33:50 Chemistry
32:53 Torsion Engines
32:49 Heavy Scorpion
34:27 Siege Engineers
35:10 Plate Mail Armor
35:16 Iron Casting
35:34 Elite Shotel Warrior
37:06 Ballistics
46:12 Blast Furnace
45:04 Fletching
45:23 Capped Ram
46:27 Siege Ram
48:01 Royal Heirs
48:02 Bodkin Arrow
48:13 Scale Barding Armor
PROtektorKaiser
0:28 Loom
12:38 Feudal Age
13:20 Double-Bit Axe
17:45 Horse Collar
22:19 Wheelbarrow
23:50 Castle Age
22:21 Stone Mining
26:16 Fletching
28:39 Gold Mining
29:56 Heavy Plow
34:26 Gold Shaft Mining
35:05 Bodkin Arrow
35:46 Bow Saw
36:45 Padded Archer Armor
37:24 Wheelbarrow
38:11 Forging
41:57 Imperial Age
41:20 Leather Archer Armor
41:42 Iron Casting
44:40 Imperial Age
46:01 Crop Rotation
47:11 Chemistry
48:31 Thumb Ring
50:09 Bracer
52:47 Conscription
56:07 Heavy Mounted Crossbowman
pektas6161
0:27 Loom
14:33 Feudal Age
14:59 Double-Bit Axe
22:09 Castle Age
21:08 Stone Mining
22:55 Scale Barding Armor
22:43 Horse Collar
23:54 Horse Collar
27:24 Bow Saw
28:17 Heavy Plow
30:52 Bloodlines
30:51 Gold Mining
38:07 Imperial Age
36:14 Wheelbarrow
37:36 Gold Shaft Mining
39:55 Two-Man Saw
39:42 Hand Cart
39:51 Chain Barding Armor
39:31 Padded Archer Armor
39:22 Fletching
40:40 Heated Shot
41:12 Ballistics
41:18 Artillery
42:11 Conscription
42:36 Plate Barding Armor
42:17 Leather Archer Armor
41:57 Bodkin Arrow
45:26 Ring Archer Armor
44:56 Bracer
45:44 Caravan
47:14 Scale Mail Armor
47:08 Elite Janissary
48:22 Sanctity
49:12 Chain Mail Armor
SerMan911
1:11 Loom
15:31 Feudal Age
21:35 Castle Age
20:40 Double-Bit Axe
21:54 Wheelbarrow
21:12 Stone Mining
21:05 Horse Collar
21:19 Gold Mining
23:55 Gambesons
25:40 Forging
25:31 Scale Mail Armor
29:02 Hand Cart
29:54 Stone Shaft Mining
29:22 Squires
31:02 Iron Casting
30:42 Chain Mail Armor
33:17 Heavy Plow
33:29 Bow Saw
33:51 Ironclad
34:36 Arson
35:30 Fletching
39:00 Imperial Age
39:21 Capped Ram
41:33 Blast Furnace
41:03 Plate Mail Armor
41:05 Conscription
42:29 Ballistics
43:09 Chemistry
42:09 Bodkin Arrow
42:38 Crenellations
41:52 Heavy Scorpion
44:41 Redemption
47:55 Siege Engineers
48:03 Fortified Wall
48:04 Masonry
49:26 Two-Man Saw
48:39 Scale Barding Armor
48:13 Elite Teutonic Knight
Connection lost

Rejoining the realm…

Still unreachable

The connection could not be restored.

Session expired

The server has moved on; the page needs a fresh start.